 Dungeon Crawl Stone Soup version 0.27.0-1-g7a089689b8 (webtiles) character file.

Game seed: 8975009902797773882

7944 pkoi the Cleaver (level 11, 0/95 HPs)
             Began as a Minotaur Gladiator on Aug 1, 2021.
             Was a High Priest of Okawaru.
             Slain by a basilisk (6 damage)
             ... on level 11 of the Dungeon.
             The game lasted 00:10:59 (8426 turns).

pkoi the Cleaver (Minotaur Gladiator)               Turns: 8426, Time: 00:11:00

Health: 0/95       AC: 16    Str: 21    XL:     11   Next: 3%
Magic:  13/13      EV: 13    Int:  5    God:    Okawaru [*****.]
Gold:   881        SH:  0    Dex: 13    Spells: 10/10 levels left

rFire    . . .     SeeInvis .   x - +2 battleaxe
rCold    . . .     Faith    .   (shield currently unavailable)
rNeg     . . .     Spirit   .   i - +0 chain mail
rPois    .         Reflect  .   c - +1 hat
rElec    .         Harm     .   q - +0 cloak
rCorr    .         Rampage  .   (no gloves)
Will     +....                  (no boots)
Stlth    ..........             e - amulet of regeneration
HPRegen  1.25/turn              r - ring of willpower
MPRegen  0.13/turn              (no ring)

@: heroic, studying Armour
A: horns 2, retaliatory headbutt
a: Renounce Religion, Heroism, Finesse


You were on level 11 of the Dungeon.
You worshipped Okawaru.
Okawaru was extremely pleased with you.
You visited 2 branches of the dungeon, and saw 12 of its levels.

You collected 1076 gold pieces.
You spent 195 gold pieces at shops.

Inventory:

Hand Weapons
 a - a +1 spectral war axe
 u - a +4 war axe
 x - a +2 battleaxe (weapon)
Missiles
 b - 36 poisoned darts
 d - 8 throwing nets (quivered)
 v - 9 boomerangs
Armour
 c - a +1 hat (worn)
 i - a +0 chain mail (worn)
 q - a +0 cloak (worn)
Jewellery
 e - an amulet of regeneration (around neck)
 r - a ring of willpower (left hand)
 w - a +6 ring of strength
 E - a +6 ring of dexterity
Wands
 f - a wand of mindburst (13)
 p - a wand of flame (55)
 t - a wand of iceblast (9)
 A - a wand of polymorph (20)
Scrolls
 g - a scroll of magic mapping
 k - a scroll of identify
 m - 2 scrolls of enchant armour
 s - 6 scrolls of teleportation
 z - 2 scrolls of fog
 D - a scroll of amnesia
 G - a scroll of enchant weapon
Potions
 h - 5 potions of curing
 j - 2 potions of haste
 l - a potion of flight
 n - a potion of heal wounds
 o - a potion of might
 B - a potion of magic
 H - a potion of brilliance
 I - a potion of mutation


   Skills:
 + Level 8.6(13.6) Fighting
 + Level 13.3(18.3) Axes
 - Level 2.0(7.0) Throwing
 + Level 11.1(16.1) Armour
 + Level 8.3(13.3) Dodging
 + Level 4.6 Invocations


You had 10 spell levels left.
You didn't know any spells.
Your spell library contained the following spells:

 Spells                   Type           Power      Damage    Failure   Level
 Summon Small Mammal      Summ           0%         N/A       94%         1
 Slow                     Hex            0%         N/A       98%         2
 Static Discharge         Conj/Air       0%         N/A       98%         2
 Call Canine Familiar     Summ           0%         N/A       100%        3
 Confusing Touch          Hex            0%         N/A       100%        3
 Gell's Gravitas          Tloc           0%         N/A       100%        3
 Lesser Beckoning         Tloc           0%         N/A       100%        3
 Stone Arrow              Conj/Erth      0%         3d7       100%        3
 Summon Guardian Golem    Hex/Summ       0%         N/A       100%        3
 Teleport Other           Tloc           0%         N/A       100%        3
 Dispel Undead            Necr           0%         3d6       100%        4
 Sticky Flame             Conj/Fire      0%         2d3       100%        4
 Bolt of Magma            Conj/Fire/Erth 0%         4d4       100%        5
 Yara's Violent Unravell  Hex/Tmut       0%         3d3       100%        5
 Shatter                  Erth           0%         3d5*      100%        9


Dungeon Overview and Level Annotations

Branches:
Dungeon (11/15)            Temple (1/1) D:7             Orc (0/2) D:11
   Lair: D:8-11

Altars:
Ashenzari
Cheibriados
Dithmenos
Elyvilon
Fedhas
Gozag
Hepliaklqana
Kikubaaqudgha
Makhleb
Nemelex Xobeh
Okawaru
Qazlal
Ru
Sif Muna
Trog
Uskayaw
Vehumet
Wu Jian
Xom
Yredelemnul
Zin
The Shining One

Shops:
D:7 (   D:8 !

Annotations:
D:9 2 transporters, exclusion: ice statue, unlimited1921's ghost, novice MiFi
D:11 2 transporters, GoodDemon3's ghost, journeyman MfEn


Innate Abilities, Weirdness & Mutations

You have a pair of horns on your head.
You reflexively headbutt those who attack you in melee.


Message History

The black bear claws you but does no damage. x2
The boulder beetle bites you!
* * * LOW HITPOINT WARNING * * *
The water moccasin bites you but does no damage.
The black bear bites you but does no damage.
The black bear closely misses you.
The black bear claws you but does no damage.
The black bear bites you but does no damage.
The black bear claws you but does no damage. x2
You slash the black bear!
The black bear is moderately wounded.
You barely miss the water moccasin. You slice the black bear!!
You kill the black bear!
Okawaru accepts your kill.
The water moccasin bites you but does no damage.
The black bear barely misses you. You furiously retaliate!
You headbutt the black bear! The black bear closely misses you.
The black bear claws you but does no damage.
The boulder beetle bites you!
* * * LOW HITPOINT WARNING * * *
A howler monkey comes into view.
The black bear closely misses you. x2; The black bear claws you.
* * * LOW HITPOINT WARNING * * *
The water moccasin bites you.
* * * LOW HITPOINT WARNING * * *
The water moccasin bites you but does no damage.
The boulder beetle leaps!
The water moccasin misses you.
The basilisk hisses menacingly.
You miss the water moccasin.
The water moccasin is moderately wounded.
The water moccasin bites you.
* * * LOW HITPOINT WARNING * * *
You slice the water moccasin!!
You kill the water moccasin!
Okawaru accepts your kill. The basilisk gazes at you.
You resist with almost no effort. The basilisk bites you.
You die...

# ###.# #....... ##.#
##...# #....... ...#
##..### #....... ...#
#..## #.....). ###.##
####...# #...# #....8..
# #.### #......) # #.#
#....... .. #@# #.......
##. #l# #........ .. # #
###h###### #........ ..
#. #..h.....##..8...>..
##.##........##.........
.............##.........
........|.......#.......
.......B........#.......
.......:........#


You could see a boulder beetle, a basilisk and 2 black bears.

Vanquished Creatures
  Erica (D:8)
  A centaur zombie (D:11)
  Grinder (D:4)
  A meliai zombie (D:10)
  3 shadows
  10 yaks
  A wyvern (D:11)
  A wraith (D:11)
  3 water moccasins
  3 ice beasts
  A sky beast (D:7)
  3 black bears
  5 necrophages
  3 centaurs
  4 ogres (D:6)
  2 phantoms (D:11)
  A kobold brigand (D:10)
  A bullfrog (D:7)
  Blork the orc (D:6)
  2 scorpions
  A water moccasin skeleton (D:5)
  5 killer bees (D:10)
  10 wights
  A bullfrog zombie (D:5)
  5 hounds
  4 jellies
  A gnoll shaman (D:8)
  7 orc priests
  Crazy Yiuf (D:6)
  2 centaur skeletons
  4 iguanas
  6 orc wizards
  A killer bee zombie (D:9)
  8 ogre zombies (D:11)
  12 gnolls
  A howler monkey skeleton (D:5)
  5 adders
  A white imp (D:7)
  An ufetubus (D:6)
  A dart slug (D:3)
  18 orcs
  8 ball pythons
  8 endoplasms
  5 goblins
  5 hobgoblins
  11 jackals
  12 kobolds
  7 quokkas
  6 bats
  3 frilled lizards
  A goblin skeleton (D:11)
  2 goblin zombies (D:11)
  3 hobgoblin skeletons (D:11)
  3 hobgoblin zombies (D:11)
  7 orc skeletons (D:11)
  9 orc zombies (D:11)
  7 rats
240 creatures vanquished.

Vanquished Creatures (others)
  A wizard (D:10)
  An orc wizard (D:9)
  2 fungi
  13 plants
17 creatures vanquished.

Grand Total: 257 creatures vanquished

Notes
Turn   | Place    | Note
-------+----------+-------------------------------------------
     0 | D:1      | pkoi the Minotaur Gladiator began the quest for the Orb.
     0 | D:1      | Reached XP level 1. HP: 18/18 MP: 0/0
    27 | D:1      | Reached skill level 4 in Axes
    46 | D:1      | Reached XP level 2. HP: 24/25 MP: 1/1
   598 | D:1      | Found a faded altar of an unknown god.
   640 | D:1      | Reached skill level 5 in Axes
   652 | D:1      | Reached XP level 3. HP: 30/30 MP: 2/2
   685 | D:1      | You fall into a shaft and drop 1 floor!
   737 | D:2      | Reached skill level 6 in Axes
   737 | D:2      | Reached XP level 4. HP: 30/37 MP: 3/3
  2149 | D:3      | Noticed a necrophage
  2155 | D:3      | Killed a necrophage
  2156 | D:3      | Reached skill level 7 in Axes
  2156 | D:3      | Reached XP level 5. HP: 38/42 MP: 4/4
  2179 | D:3      | Found Enwiqifo's Weapon Emporium.
  2401 | D:3      | Identified a scroll of acquirement
  2401 | D:3      | Acquired 631 gold pieces
  2887 | D:4      | Noticed Grinder
  2939 | D:4      | Noticed a necrophage
  2950 | D:4      | Killed a necrophage
  2951 | D:4      | Reached skill level 8 in Axes
  2951 | D:4      | Reached XP level 6. HP: 39/50 MP: 5/5
  2962 | D:4      | Noticed a water moccasin
  2969 | D:4      | Killed a water moccasin
  2970 | D:4      | Reached skill level 9 in Axes
  2972 | D:4      | Paralysed by Grinder for 4 turns
  2984 | D:4      | Killed Grinder
  2985 | D:4      | Reached skill level 10 in Axes
  2985 | D:4      | Reached XP level 7. HP: 47/56 MP: 6/6
  3182 | D:4      | Found an ornate altar of the Wu Jian Council.
  3206 | D:4      | Found a snail-covered altar of Cheibriados.
  3207 | D:4      | Found an iron altar of Okawaru.
  3215 | D:4      | Became a worshipper of Warmaster Okawaru
  3313 | D:4      | Reached skill level 11 in Axes
  3446 | D:5      | Entered Level 5 of the Dungeon
  3531 | D:5      | Reached skill level 1 in Armour
  3531 | D:5      | Reached XP level 8. HP: 63/63 MP: 7/7
  3950 | D:5      | Found an opulent altar of Gozag.
  4160 | D:6      | Reached * piety under Okawaru
  4192 | D:6      | Acquired a manual of Armour
  4315 | D:6      | Reached skill level 5 in Dodging
  4333 | D:6      | Noticed Blork the orc
  4339 | D:6      | Killed Blork the orc
  4340 | D:6      | Reached skill level 5 in Armour
  4475 | D:6      | Reached skill level 5 in Fighting
  4480 | D:6      | Reached XP level 9. HP: 74/74 MP: 8/8
  4540 | D:6      | Reached ** piety under Okawaru
  4549 | D:6      | Found a runed translucent door.
  4550 | D:6      | Noticed Crazy Yiuf
  4582 | D:6      | Found a burning altar of Makhleb.
  4670 | D:6      | Killed Crazy Yiuf
  4751 | D:7      | Reached skill level 12 in Axes
  4920 | D:7      | Found a staircase to the Ecumenical Temple.
  4934 | Temple   | Entered the Ecumenical Temple
  5101 | D:7      | Found a hazy altar of Hepliaklqana.
  5205 | D:7      | Reached *** piety under Okawaru
  5252 | D:7      | Found Raemmoibby's Weapon Shoppe.
  5277 | D:7      | Reached skill level 1 in Invocations
  5414 | D:7      | Found a glowing golden altar of the Shining One.
  5492 | D:8      | Noticed Erica
  5499 | D:8      | Killed Erica
  5499 | D:8      | Received a gift from Okawaru
  5500 | D:8      | Reached XP level 10. HP: 73/86 MP: 8/10
  5684 | D:8      | Found Oxeurghe's Distillery.
  5693 | D:8      | Bought a potion of heal wounds for 65 gold pieces
  5693 | D:8      | Bought a potion of haste for 130 gold pieces
  6436 | D:9      | Noticed an ice statue
  6439 | D:9      | Noticed a two-headed ogre
  6441 | D:9      | Noticed a manticore
  6441 | D:9      | Noticed a green ugly thing
  6447 | D:9      | Noticed unlimited1921's ghost (novice MiFi)
  6449 | D:9      | Noticed a deep elf pyromancer
  6450 | D:9      | Found a transporter.
  6452 | D:9      | Found a transporter.
  6529 | D:9      | Found an ancient bone altar of Kikubaaqudgha.
  6533 | D:9      | Found a blossoming altar of Fedhas.
  7358 | D:10     | Entered Level 10 of the Dungeon
  7610 | D:10     | Found a bloodstained altar of Trog.
  7636 | D:10     | Reached **** piety under Okawaru
  7682 | D:10     | Reached skill level 13 in Axes
  7682 | D:10     | Reached skill level 10 in Armour
  7789 | D:10     | Found a shadowy altar of Dithmenos.
  7850 | D:10     | Found a white marble altar of Elyvilon.
  8037 | D:10     | Noticed a wizard
  8040 | D:10     | Killed a wizard
  8211 | D:11     | Found a staircase to the Orcish Mines.
  8227 | D:11     | Reached ***** piety under Okawaru
  8291 | D:11     | Found a transporter.
  8292 | D:11     | Noticed a tengu warrior
  8301 | D:11     | Identified the ring of Keutereb {Contam EV+4 Str+5}
  8307 | D:11     | Noticed GoodDemon3's ghost (journeyman MfEn)
  8318 | D:11     | Noticed an orc knight
  8319 | D:11     | Noticed a two-headed ogre
  8319 | D:11     | Noticed a moth of wrath
  8320 | D:11     | Noticed a two-headed ogre
  8322 | D:11     | Found a bloodstained altar of Trog.
  8344 | D:11     | Found a transporter.
  8402 | D:11     | Noticed a boulder beetle
  8411 | D:11     | Reached XP level 11. HP: 43/95 MP: 13/13
  8416 | D:11     | HP: 3/95 [boulder beetle (10)]
  8417 | D:11     | HP: 1/95 [water moccasin (2)]
  8424 | D:11     | HP: 4/95 [water moccasin (6)]
  8426 | D:11     | Slain by a basilisk

Illustrated notes

Levels and vault maps discovered:
D:1:      onia_arrival_handbag, layout_basic,
          shapermc_ecumenical_altar_mp_ritualfount
D:2:      layout_loops_corners
D:3:      layout_basic, serial_shops, shop, chequers_jeans,
          chequers_decorated_corner
D:4:      layout_cave_pools, mainiacjoe_overflow_surrounded_room,
          gammafunk_temple_overflow_pools, minmay_checkerbox, uniq_grinder
D:5:      layout_loops_cross, lemuel_crystal_altar
D:6:      layout_rooms, mainiacjoe_overflow_chevrons, mrwooster_statue_mirror,
          st_stairs_12, kennysheep_generic_room_12, uniq_blork_the_orc,
          uniq_crazy_yiuf_cottage
D:7:      layout_rooms, general_overflow_altar, old_standard_altar,
          minmay_temple_entry_arrows, serial_shops, kennysheep_little_box
D:8:      layout_gridville, serial_shops, shop, supply_closet_lemuel,
          nicolae_sextant, uniq_erica
D:9:      layout_basic, grunt_temple_overflow_growth_and_decay,
          nzn_ghost_randoct, kennysheep_small_spiral
D:10:     layout_gridville, trog_wizard, mainiacjoe_overflow_large_starburst,
          minmay_statues_item
D:11:     old_forge, layout_basic, minmay_lair_entry_grove, zombieorc2_lemuel,
          gammafunk_ghost_wrathful_warriors, corner_web_ring,
          fedhas_bush_and_centaur_altar
Temple:   cyrus_temple_forest

Skill      XL: |  1  2  3  4  5  6  7  8  9 10 |
---------------+-------------------------------+-----
Axes           | 4 5 6 7 8 10 11 12 13 | 13.3
Fighting       | 3 5 7 8 |  8.6
Armour         | 1 5 8 11 | 11.1
Dodging        | 5 6 8 |  8.3
Invocations    | 2 4 |  4.6
Throwing       | |  2.0

Action                   |  1- 3 |  4- 6 |  7- 9 | 10-12 || total
-------------------------+-------+-------+-------+-------++-------
Melee: War axe           |    58 |    80 |   137 |    23 ||   298
       Headbutt          |     9 |     8 |    31 |    26 ||    74
       Battleaxe         |       |       |       |   134 ||   134
       Unarmed           |       |       |       |    13 ||    13
Invok: Heroism           |       |       |       |     1 ||     1
  Use: Scroll            |       |     5 |     3 |     9 ||    17
       Potion            |       |       |     3 |     3 ||     6
 Stab: Distracted        |       |       |       |     1 ||     1
Armor: Leather armour    |    18 |     3 |       |       ||    21
       Chain mail        |       |    34 |    51 |   146 ||   231
Dodge: Dodged            |    40 |    40 |    70 |   154 ||   304
